 Dungeon Crawl Stone Soup version 0.20-a0-869-gcf33cab (webtiles) character file.

203 HereIgoKillingAgain the Ruffian (level 5, -1/54 HPs)
             Began as an Ogre Monk on Mar 13, 2017.
             Slain by an orc
             ... wielding a +0 dagger
              (4 damage)
             ... on level 4 of the Dungeon.
             The game lasted 00:02:05 (2747 turns).

HereIgoKillingAgain the Ruffian (Ogre Monk)         Turns: 2747, Time: 00:02:06

Health: -1/54      AC:  3    Str: 15 (16) XL:     5   Next: 81%
Magic:  5/5        EV: 10    Int: 11      God:
Gold:   35         SH:  0    Dex:  9 (11) Spells: 4/4 levels left

rFire    . . .     SeeInvis .   k - +2 short sword (elec)
rCold    . . .     Gourm    .   a - +0 robe
rNeg     . . .     Faith    .   (no shield)
rPois    .         Spirit   .   (helmet restricted)
rElec    .         Reflect  .   (no cloak)
rCorr    .         Harm     .   (gloves unavailable)
MR       .....                  (boots unavailable)
Stlth    +.........             (no amulet)
Regen    0.2/turn               (no ring)
MPRegen  0.1/turn               (no ring)

@: slowed, very slow
A: unfitting armour, tough skin 1
a: no special abilities


You were on level 4 of the Dungeon.
You were very hungry.

You visited 1 branch of the dungeon, and saw 4 of its levels.

You collected 35 gold pieces.

Inventory:

Hand Weapons
 k - a +2 short sword of electrocution (weapon)
Armour
 a - a +0 robe (worn)
Wands
 l - a wand of lightning (6/15)
Scrolls
 d - a scroll of enchant armour {unknown}
 e - a scroll of immolation {unknown}
 h - 2 scrolls of identify
 i - a scroll of teleportation
 j - a scroll of amnesia {unknown}
 m - a scroll of remove curse
Comestibles
 b - a bread ration
 c - a royal jelly
 f - 4 fruits
 g - 2 meat rations


   Skills:
 - Level 4.0 Fighting
 - Level 2.6 Dodging
 - Level 1.4 Stealth
 + Level 5.7 Unarmed Combat


You had 4 spell levels left.
You didn't know any spells.

Dungeon Overview and Level Annotations

Branches:
Dungeon (4/15)
 Temple: D:4-7

Altars:
Uskayaw

Annotations:
D:3 lolicon's ghost, amateur DESu


Innate Abilities, Weirdness & Mutations

You are too large for most types of armour.
You have tough skin. (AC +1)


Message History

You hit the orc wizard. You punch the orc wizard.
The orc wizard is heavily wounded.
The orc wizard hits you but does no damage.
The orc hits you with a flail. The orc hits you with a dagger.
* * * LOW HITPOINT WARNING * * *
The orc wizard barely misses you. The orc hits you with a flail.
* * * LOW HITPOINT WARNING * * *
You aren't carrying any potions.
You barely miss the orc wizard.
The orc wizard is heavily wounded.
The orc wizard barely misses you. The orc completely misses you.
The orc wizard hits you with a dagger.
* * * LOW HITPOINT WARNING * * *
The orc hits you but does no damage. x2; The orc wizard hits you with a dagger.
* * * LOW HITPOINT WARNING * * *
You closely miss the orc wizard.
The orc wizard is heavily wounded.
The orc wizard hits you but does no damage.
The orc hits you with a dagger.
You die...

. ..
#######################.
...............o@o......
##############.#o#####..
#.#.# #.#.# #.#.# #.#.#
#.### #.#


You could see an orc wizard and 2 orcs.

Vanquished Creatures
  2 orc wizards (D:4)
  Robin (D:2)
  2 gnolls
  5 adders
  A worm (D:2)
  A dart slug (D:2)
  4 leopard geckos
  2 giant cockroaches
  9 goblins
  11 hobgoblins
  3 jackals (D:4)
  5 kobolds
  3 ball pythons
  4 bats
  7 frilled lizards
  5 rats
65 creatures vanquished.

Notes
Turn   | Place    | Note
-------+----------+-------------------------------------------
     0 | D:1      | HereIgoKillingAgain the Ogre Monk began the quest for the Orb.
     0 | D:1      | Reached XP level 1. HP: 24/24 MP: 1/1
   265 | D:1      | Reached skill level 3 in Unarmed Combat
   294 | D:1      | Reached XP level 2. HP: 25/32 MP: 2/2
   982 | D:2      | Reached XP level 3. HP: 21/39 MP: 3/3
  1280 | D:2      | Reached skill level 4 in Unarmed Combat
  1308 | D:2      | Noticed a dagger
  1308 | D:2      | Noticed a dagger
  1308 | D:2      | Found a hide-covered altar of Uskayaw.
  1557 | D:2      | Reached XP level 4. HP: 38/48 MP: 4/4
  1689 | D:2      | Noticed Robin
  1705 | D:2      | Killed Robin
  2196 | D:3      | Noticed lolicon's ghost (amateur DESu)
  2227 | D:3      | Reached skill level 5 in Unarmed Combat
  2227 | D:3      | Reached XP level 5. HP: 50/54 MP: 5/5
  2747 | D:4      | Slain by an orc

Vault maps used:
D:1:      mainiacjoe_arrival_reflecting_pool
D:2:      dancing_weapons_uskayaw, uniq_robin
D:3:      wad_woods_settlement
D:4:      uniq_pikel

Skill      XL: |  1  2  3  4 |
---------------+-------------+-----
Unarmed Combat | 3 4 5 |  5.7
Fighting       | |  4.0
Dodging        | |  2.6
Stealth        | |  1.4

Action                   |  1- 3 |  4- 6 || total
-------------------------+-------+-------++-------
Melee: Unarmed           |    87 |       ||    87
       Short sword       |    25 |   123 ||   148
       Punch             |     1 |     2 ||     3
  Use: Scroll            |       |     2 ||     2
       Potion            |       |     2 ||     2
 Stab: Sleeping          |     4 |       ||     4
       Distracted        |     1 |       ||     1
  Eat: Chunk             |     1 |     4 ||     5
Armor: Robe              |    25 |    33 ||    58
Dodge: Dodged            |    48 |    90 ||   138
